 Dungeon Crawl Stone Soup version 0.19-a0-1899-g2d93087 (webtiles) character file.

34078 dobroeutro the Fighter (level 14, -6/108 HPs)
             Began as a Formicid Hunter on Oct 19, 2016.
             Was the Champion of Okawaru.
             Killed from afar by a frost giant (37 damage)
             ... with a bolt of cold
             ... in an ice cave.
             The game lasted 00:42:14 (19087 turns).

dobroeutro the Fighter (Formicid Hunter)           Turns: 19087, Time: 00:42:15

Health: -6/108     AC: 23    Str: 21    XL:     14   Next: 11%
Magic:  13/14      EV:  7    Int: 12    God:    Okawaru [******]
Gold:   955        SH: 11    Dex: 13    Spells: 0 memorised, 13 levels left

rFire  + . .     SeeInvis +     i - +7 hand crossbow of Xenyocuefe {venom, rElec rF+ Int-2}
rCold  . . .     Gourm    .     J - +5 plate armour of Muttered Phrases {rElec}
rNeg   . . .     Faith    .     K - +0 shield
rPois  +         Spirit   .     (helmet unavailable)
rElec  +         Reflect  .     V - +0 cloak
rCorr  .         Harm     .     B - +1 pair of gloves
MR     +....                    (no boots)
Stlth  ..........               (no amulet)
                                j - ring of flight
                                g - ring of poison resistance

@: no status effects
A: permanent stasis, dig shafts and tunnels, four strong arms, antennae 3, agile
1, clever 1, frail 1, shaggy fur 1
a: Dig, Shaft Self, Heroism, Finesse, Renounce Religion, Evoke Flight


You were in an ice cave.
You worshipped Okawaru.
Okawaru was exalted by your worship.
You were not hungry.

You visited 3 branches of the dungeon, and saw 17 of its levels.
You also visited: Sewer and Ice Cave.

You collected 955 gold pieces.

Inventory:

Hand Weapons
 i - the +7 hand crossbow of Xenyocuefe (weapon) {venom, rElec rF+ Int-2}
   (Okawaru gifted it to you in an ice cave)

   It poisons the ammo it fires.
   It affects your intelligence (-2).
   It protects you from fire.
   It insulates you from electricity.
 r - a +2 arbalest of flaming
 s - a +0 short sword of venom
 u - a +1 hand crossbow of freezing
 H - the +8 rapier "Doish" {holy, rN++ Str-5 Int-2 SInv}
   (You found it on level 5 of the Dungeon)

   It has been blessed by the Shining One to cause great damage to the undead
   and demons.
   It affects your strength (-5).
   It affects your intelligence (-2).
   It greatly protects you from negative energy.
   It lets you see invisible.
Missiles
 d - 82 bolts (quivered)
Armour
 A - a +0 leather armour of cold resistance
 B - a +1 pair of gloves (worn)
 J - the +5 plate armour of Muttered Phrases (worn) {rElec}
   (You found it on level 6 of the Dungeon)

   It insulates you from electricity.
 K - a +0 shield (worn)
 V - a +0 cloak (worn)
Jewellery
 b - an uncursed ring of magical power
 g - a ring of poison resistance (left hand)
 j - a ring of flight (right hand)
 n - an uncursed ring of positive energy
 q - an uncursed ring of ice
Wands
 o - a wand of lightning (10/15)
 v - a wand of teleportation (5/9)
 w - a wand of random effects (48/48)
 E - a wand of confusion (18/48)
 G - a wand of flame (22/48)
 P - a wand of polymorph (7/24)
 U - a wand of iceblast (6/15)
Scrolls
 f - 2 scrolls of silence {unknown}
 h - 7 scrolls of remove curse
 k - 5 scrolls of recharging
 y - 4 scrolls of fog
 C - 2 scrolls of enchant armour
 I - 3 scrolls of amnesia
 O - 2 scrolls of immolation
Potions
 a - a potion of curing
 c - a potion of cancellation
 e - a potion of brilliance
 l - 2 potions of flight
 F - 2 potions of mutation
 L - a potion of invisibility
 T - a potion of magic
 X - a potion of ambrosia
 Y - a potion of cure mutation
Comestibles
 t - 3 meat rations
 x - a bread ration
 N - a beef jerky
 S - 12 royal jellies
 W - 3 fruits


   Skills:
 + Level 14.2 Fighting
 - Level 9.2 Short Blades
 + Level 13.5 Crossbows
 - Level 8.1 Armour
 - Level 1.7 Dodging
 - Level 1.2 Stealth
 - Level 8.4 Shields


You had 13 spell levels left.
You didn't know any spells.

Dungeon Overview and Level Annotations

Branches:
Dungeon (15/15)            Temple (1/1) D:5            Lair (1/6) D:11
    Orc (0/2) D:9
 Vaults: D:13-14     Depths: D:15

Altars:
Ashenzari
Elyvilon
Fedhas
Gozag
Kikubaaqudgha
Makhleb
Okawaru
Qazlal
Trog
Xom
Yredelemnul
Beogh

Portals:
Labyrinth: D:14


Innate Abilities, Weirdness & Mutations

You are under a permanent stasis effect.
You can dig through walls and to a lower floor.
Your four strong arms can wield two-handed weapons with a shield.
You have a pair of large antennae on your head. (SInv)
You are agile. (Dex +2)
Your mind is acute. (Int +2)
You are frail. (-10% HP)
You are covered in fur. (AC +1)


Message History

Press: ? - help, Shift-Dir - straight line, f/p - frost giant
Aim: a frost giant, wielding a battleaxe of freezing (moderately wounded)
You shoot a bolt. The bolt hits the frost giant!
The frost giant looks as sick as possible!
The frost giant is heavily wounded.
The frost giant points at you and mumbles some strange words.
The bolt of cold hits you!
* * * LOW HITPOINT WARNING * * *
You are too injured to fight recklessly!
You feel much better.
The frost giant hits you with a battleaxe of freezing!
The frost giant freezes you.
* * * LOW HITPOINT WARNING * * *
You are too injured to fight recklessly!
You are too injured to fight recklessly!
You retract your mandibles.
You feel like a meek peon again.
The frost giant points at you and mumbles some strange words.
The bolt of cold hits you!
You die...

###≈≈≈≈≈ ##C#
##≈≈≈≈≈##{##
≈≈≈≈≈≈≈≈#{#
≈≈≈≈≈≈≈≈≈##
≈≈≈≈≈≈≈≈≈##
##≈≈≈≈≈#{≈#
###≈≈≈###≈##
#.#####.#h≈#
####.@.##.#{#.#
#.#.#..#.÷Y#.##
##..##.#CY#..#(#
#...####.##....#
##.###########..#
#..#≈≈#..## ##.#
#†##≈≈#...# ###
#.##≈≈#|..#
##..###.⌠.#


You could see a frost giant and a yak.

Vanquished Creatures
  Josephine (D:11)
  A hydra (D:12)
  Erica (D:9)
  2 centaur warriors
  A death yak (IceCv)
  An unseen horror (D:12)
  3 hill giants
  3 deep elf magi (D:12)
  2 ugly things
  A cyclops (D:13)
  2 manticores
  An ice statue (IceCv)
  Maurice (D:8)
  2 centaur zombies (D:12)
  A gargoyle (D:10)
  An efreet (D:13)
  2 trolls (D:9)
  3 meliai (D:12)
  A queen bee (D:12)
  9 polar bears (IceCv)
  2 two-headed ogres
  A hornet (D:7)
  5 hippogriffs
  4 slime creatures
  A vampire (D:13)
  2 shadows
  2 redbacks (D:12)
  14 humans (D:13)
  A wyvern (D:8)
  28 yaks
  6 wraiths
  A hungry ghost (D:12)
  Grum (D:7)
  Duvessa (D:4)
  5 ice beasts
  Purgy (Sewer)
  10 orc warriors
  A hornet zombie (D:13)
  A black bear (D:7)
  2 phantoms
  3 sky beasts
  An eye of draining (D:12)
  8 necrophages
  4 ogres
  10 centaurs
  14 wolves
  8 bullfrogs
  A gnoll sergeant (D:8)
  A wyvern zombie (D:11)
  Dowan (D:4)
  4 scorpions
  31 killer bees
  A howler monkey (D:4)
  3 wights (D:12)
  4 crimson imps
  2 bullfrog zombies
  3 centaur skeletons
  9 hounds
  A bullfrog skeleton (D:7)
  6 jellies
  11 orc priests
  2 iguanas
  Natasha (thrice) (D:3)
  18 orc wizards
  10 worker ants
  A killer bee zombie (D:11)
  2 hound skeletons
  A worker ant zombie (D:10)
  13 adders
  17 gnolls
  3 shadow imps
  2 oozes
  An adder zombie (D:5)
  3 worms
  4 dart slugs
  7 leopard geckos
  74 orcs
  A ball python (D:1)
  8 giant cockroaches
  9 goblins
  12 hobgoblins
  22 jackals
  15 kobolds
  4 quokkas
  10 bats
  6 frilled lizards
  A giant cockroach zombie (D:5)
  A quokka skeleton (D:6)
  8 rats
512 creatures vanquished.

Vanquished Creatures (others)
  A vampire (D:13)
  A yak (IceCv)
  4 wolves (IceCv)
  7 bushes (D:12)
  12 plants (D:12)
25 creatures vanquished.

Grand Total: 537 creatures vanquished

Notes
Turn   | Place    | Note
-------+----------+-------------------------------------------
     0 | D:1      | dobroeutro the Formicid Hunter began the quest for the Orb.
     0 | D:1      | Reached XP level 1. HP: 16/16 MP: 1/1
    40 | D:1      | You fall through a shaft!
   527 | D:2      | Reached XP level 2. HP: 15/23 MP: 2/2
   999 | D:1      | Reached XP level 3. HP: 16/28 MP: 3/3
  1045 | D:1      | Reached skill level 3 in Fighting
  2344 | D:2      | Reached XP level 4. HP: 17/35 MP: 4/4
  2742 | D:2      | Reached skill level 5 in Crossbows
  3557 | D:3      | Reached skill level 4 in Fighting
  3557 | D:3      | Reached XP level 5. HP: 36/42 MP: 5/5
  3834 | D:3      | Noticed Natasha
  3844 | D:3      | Killed Natasha
  3914 | D:3      | Noticed Natasha
  3916 | D:3      | Killed Natasha
  3959 | D:3      | Reached XP level 6. HP: 43/50 MP: 6/6
  4020 | D:3      | Reached skill level 5 in Fighting
  4053 | D:3      | Noticed Natasha
  4059 | D:3      | Killed Natasha
  4412 | D:4      | Reached XP level 7. HP: 42/56 MP: 7/7
  4554 | D:4      | Reached skill level 6 in Fighting
  4768 | D:4      | Noticed Dowan
  4770 | D:4      | Noticed Duvessa
  4777 | D:4      | Killed Duvessa
  4777 | D:4      | Reached XP level 8. HP: 57/65 MP: 8/8
  4789 | D:4      | Killed Dowan
  4789 | D:4      | Reached skill level 7 in Fighting
  5473 | D:5      | Entered Level 5 of the Dungeon
  5503 | D:5      | Found a glowing drain.
  5510 | Sewer    | Entered a sewer
  5601 | Sewer    | Noticed Purgy
  5610 | Sewer    | Killed Purgy
  5774 | D:5      | Found a staircase to the Ecumenical Temple.
  5788 | D:5      | Reached skill level 8 in Fighting
  5828 | D:5      | Got an ichor-stained rapier
  5837 | Temple   | Entered the Ecumenical Temple
  5839 | Temple   | Identified the +8 rapier "Doish" {holy, rN++ Str-5 Int-2 SInv} (You found it on level 5 of the Dungeon)
  5863 | Temple   | Became a worshipper of Warmaster Okawaru
  6144 | D:5      | Reached skill level 1 in Short Blades
  6225 | D:5      | Reached XP level 9. HP: 73/75 MP: 9/9
  6633 | D:6      | Got a brightly glowing plate armour
  6644 | D:6      | Identified the +5 plate armour of Muttered Phrases {rElec} (You found it on level 6 of the Dungeon)
  6676 | D:6      | Reached skill level 1 in Armour
  6918 | D:6      | Reached * piety under Okawaru
  7233 | D:7      | Reached skill level 9 in Fighting
  7246 | D:7      | Noticed a hippogriff
  7259 | D:7      | Killed a hippogriff
  7259 | D:7      | Reached skill level 1 in Shields
  7316 | D:7      | Noticed a hornet
  7338 | D:7      | Killed a hornet
  7660 | D:7      | Reached ** piety under Okawaru
  7777 | D:7      | Reached XP level 10. HP: 23/82 MP: 10/10
  8494 | D:8      | Noticed Grum
  8527 | D:7      | Killed Grum
  8843 | D:8      | Got a warped hand axe
  8844 | D:8      | Identified the +5 hand axe of Biugh {flame, rN+ Str+6} (You found it on level 8 of the Dungeon)
  9015 | D:8      | Reached *** piety under Okawaru
  9024 | D:8      | Received a gift from Okawaru
  9394 | D:8      | Noticed Maurice
  9402 | D:8      | Killed Maurice
  9402 | D:8      | Reached skill level 10 in Fighting
  9402 | D:8      | Reached skill level 5 in Short Blades
  9402 | D:8      | Reached skill level 5 in Armour
  9866 | D:9      | Found a staircase to the Orcish Mines.
  9921 | D:9      | Noticed Erica
  9940 | D:9      | Killed Erica
  9940 | D:9      | Reached skill level 5 in Shields
  9964 | D:9      | Reached XP level 11. HP: 44/90 MP: 11/11
 10535 | D:9      | Found a roughly hewn altar of Beogh.
 10563 | D:9      | HP: 3/91 [orc warrior/dire flail (19)]
 10567 | D:9      | Received a gift from Okawaru
 10567 | D:9      | Reached skill level 10 in Crossbows
 10920 | D:9      | You fall through a shaft for 3 floors!
 10920 | D:12     | Noticed a deep elf mage
 10922 | D:12     | Noticed a manticore
 10923 | D:12     | You fall through a shaft for 3 floors!
 10923 | D:15     | Entered Level 15 of the Dungeon
 11160 | D:14     | Found a labyrinth entrance.
 11520 | D:13     | Noticed a cyclops
 11576 | D:13     | Killed a cyclops
 11576 | D:13     | Reached **** piety under Okawaru
 11576 | D:13     | Received a gift from Okawaru
 11847 | D:13     | Noticed a manticore
 11858 | D:13     | Killed a manticore
 12835 | D:13     | Received a gift from Okawaru
 12841 | D:13     | Reached skill level 11 in Fighting
 12894 | D:13     | Noticed a centaur warrior
 13443 | D:12     | Noticed a deep elf mage
 13456 | D:12     | Killed a deep elf mage
 13466 | D:12     | Noticed a deep elf mage
 13495 | D:12     | HP: 4/93 [meliai/divine providence (11)]
 13497 | D:12     | HP: 1/93 [deep elf mage/magic dart (4)]
 13498 | D:12     | Gained mutation: You are agile. (Dex +2) [potion of mutation]
 13498 | D:12     | Gained mutation: You are frail. (-10% HP) [potion of mutation]
 13498 | D:12     | Gained mutation: You are dopey. (Int -2) [potion of mutation]
 13507 | D:12     | Killed a deep elf mage
 13507 | D:12     | Reached XP level 12. HP: 49/90 MP: 12/12
 13517 | D:12     | Reached ***** piety under Okawaru
 13825 | D:12     | Noticed a five-headed hydra
 13832 | D:12     | Received a gift from Okawaru
 13848 | D:12     | Killed a five-headed hydra
 14243 | D:12     | Received a gift from Okawaru
 14689 | D:10     | Entered Level 10 of the Dungeon
 14807 | D:10     | Gained mutation: You are very agile. (Dex +4) [mutagenic meat]
 14810 | D:10     | Gained mutation: You are covered in fur. (AC +1) [mutagenic meat]
 14823 | D:10     | Lost mutation: You are dopey. (Int -2) [mutagenic meat]
 14826 | D:10     | Gained mutation: Your mind is acute. (Int +2) [mutagenic meat]
 14829 | D:10     | Lost mutation: You are very agile. (Dex +4) [mutagenic meat]
 15180 | D:10     | Identified a scroll of acquirement
 15421 | D:10     | Found a burning altar of Makhleb.
 15655 | D:11     | Received a gift from Okawaru
 15965 | D:11     | Found a staircase to the Lair.
 16075 | D:11     | Noticed Josephine
 16077 | D:11     | Killed Josephine
 16077 | D:11     | Reached skill level 12 in Fighting
 16255 | D:11     | Received a gift from Okawaru
 16389 | D:11     | Reached XP level 13. HP: 93/96 MP: 13/13
 16617 | D:12     | Noticed a centaur warrior
 16624 | D:12     | Killed a centaur warrior
 16651 | D:12     | Found a blossoming altar of Fedhas.
 17323 | D:13     | Received a gift from Okawaru
 17338 | D:13     | Reached skill level 13 in Fighting
 17530 | D:13     | Killed a centaur warrior
 17530 | D:13     | Received a gift from Okawaru
 18052 | D:13     | Received a gift from Okawaru
 18080 | D:13     | Noticed a vault guard
 18172 | Lair:1   | Entered Level 1 of the Lair of Beasts
 18223 | Lair:1   | Found a frozen archway.
 18232 | IceCv    | Entered an ice cave
 18319 | IceCv    | Reached ****** piety under Okawaru
 18321 | IceCv    | Received a gift from Okawaru
 18327 | IceCv    | Got a steaming hand crossbow {god gift}
 18333 | IceCv    | Identified the +7 hand crossbow of Xenyocuefe {venom, rElec rF+ Int-2} (Okawaru gifted it to you in an ice cave)
 18752 | IceCv    | Reached skill level 14 in Fighting
 18752 | IceCv    | Reached XP level 14. HP: 100/108 MP: 14/14
 18837 | IceCv    | Received a gift from Okawaru
 19045 | IceCv    | Noticed a frost giant
 19087 | IceCv    | Killed from afar by a frost giant

Vault maps used:
D:1:      tarquinn_simple_flora_water_e, serial_curves, eino_curves_03,
          eino_curves_04, eino_curves_04
D:3:      uniq_natasha
D:4:      first_bread, st_stairs_6, uniq_duvessa
D:5:      lightli_sewer_entry_pipes, kennysheep_crisscross
D:7:      black_bear_nest_1
D:8:      uniq_maurice, uniq_grum
D:9:      minmay_orc_entry_temple_small, hangedman_pestilent_swarm, uniq_erica
D:10:     basic_altar, special_room, minmay_holes, kennysheep_generic_room_12
D:11:     lair_0_dummy, kennysheep_generic_room_11, uniq_josephine
D:12:     special_room, fedhas_altar_decomposition
D:13:     grunt_vaults_entry_tiered, spider_trap, evilmike_minifort
D:14:     lab_entry_generic, minmay_misc_feat_nine_boxes,
          kennysheep_generic_room_13
D:15:     grunt_enter_depths_hoard, minivault_23
Temple:   regret_index_temple_sigil_plot
Lair:1:   portal_ice_cave_entry_pillars_2, infiniplex_staircase_pool,
          serial_bayou_shore_a
Sewer:    kennysheep_door_sewer
IceCv:    ice_cave_caverns_02

Skill      XL: |  1  2  3  4  5  6  7  8  9 10 11 12 13 |
---------------+----------------------------------------+-----
Fighting       | 3 4 5 6 8 9 10 11 12 14 | 14.2
Crossbows      | 5 6 8 9 10 11 13 | 13.5
Short Blades   | 1 4 5 6 8 9 |  9.2
Armour         | 3 5 7 8 |  8.1
Shields        | 2 5 7 8 |  8.4
Dodging        | |  1.7
Stealth        | |  1.2

Action                   |  1- 3 |  4- 6 |  7- 9 | 10-12 | 13-15 || total
-------------------------+-------+-------+-------+-------+-------++-------
Melee: Short sword       |   177 |    98 |       |       |       ||   275
       Rapier            |       |       |   158 |   284 |    25 ||   467
 Fire: Hand crossbow     |       |    73 |   209 |   490 |   132 ||   904
       Arbalest          |       |       |       |   124 |   236 ||   360
Invok: Heroism           |       |       |       |     6 |     1 ||     7
 Abil: Dig               |     7 |       |     1 |    14 |    11 ||    33
       Shaft Self        |     1 |       |       |     2 |       ||     3
  Use: Scroll            |       |       |     7 |    18 |     1 ||    26
       Potion            |       |       |       |    16 |     6 ||    22
 Stab: Sleeping          |     4 |     2 |       |       |       ||     6
       Distracted        |     1 |       |       |       |       ||     1
  Eat: Chunk             |     4 |     3 |     4 |    12 |     6 ||    29
       Bread ration      |       |     1 |     2 |     2 |       ||     5
       Meat ration       |       |       |       |     3 |     1 ||     4
       Royal jelly       |       |       |       |     1 |       ||     1
Armor: Leather armour    |    55 |    29 |    20 |       |       ||   104
       Troll leather arm |       |       |    19 |       |       ||    19
       Plate armour      |       |       |    83 |   419 |   209 ||   711
       Skin              |       |       |       |    14 |       ||    14
Dodge: Dodged            |   120 |    80 |   129 |   159 |    99 ||   587
Block: Buckler           |       |       |    11 |   162 |       ||   173
       Shield            |       |       |       |    38 |   173 ||   211
